Map: Oxide LE

Players

Pepamso - Winner!

  • Race: Protoss Protoss
  • League: Diamond
  • Spawn Location: 7:00

Massa

  • Race: Terran Terran
  • League: Platinum
  • Spawn Location: 1:00

VOD

Have the link to the VOD?

Description

Time

  • Played on: Jan. 16, 2021, 8:11 a.m.
  • Length: 16:43
Show
View Real Time Build Order
Export as new Build Order

Pepamso Protoss - Winner!

Build Orders: Oracle Opening, Carriers 

Get SALT Encoding   

  12  0:01  Probe  
  13  0:23  Pylon  
  13  0:26  Probe  
  14  0:31  Assimilator  
  14  0:45  Gateway  
  14  0:48  Probe (Chrono Boost)  
  16  0:57  Probe (Chrono Boost)  
  16  1:02  Probe (Chrono Boost)  
  16  1:06  Assimilator  
  17  1:14  Probe  
  18  1:21  Pylon  
  18  1:26  Probe  
  19  1:37  Cybernetics Core  
  19  1:39  Zealot  
  21  2:19  Nexus  
  21  2:22  Pylon  
  21  2:28  Probe (Chrono Boost)  
  22  2:37  Probe (Chrono Boost), Stargate  
  23  2:42  Probe (Chrono Boost)  
  23  2:49  Warp Gate (Chrono Boost)  
  23  2:51  Shield Battery, Adept  
  26  3:17  Oracle (Chrono Boost)  
  26  3:21  Adept  
  31  3:28  Pylon  
  31  3:32  Probe (Chrono Boost)  
  33  3:36  Probe (Chrono Boost)  
  34  3:42  Probe (Chrono Boost)  
  34  3:45  Probe (Chrono Boost), Pylon  
  34  3:46  Probe (Chrono Boost)  
  35  3:55  Probe  
  37  4:03  Zealot  
  39  4:10  Void Ray (Chrono Boost)  
  41  4:29  Stalker  
  43  4:38  Twilight Council  
  43  4:41  Robotics Facility  
  43  5:16  Stalker  
  43  5:17  Void Ray  
  45  5:25  Probe, Charge (Chrono Boost)  
  45  5:26  Warp Prism (Chrono Boost)  
  52  5:37  Probe  
  52  5:40  Stalker  
  55  5:49  Probe  
  56  5:56  Observer, Gateway  
  57  5:58  Gateway  
  56  6:19  Stalker  
  58  6:32  Gateway  
  58  6:35  Gateway, Pylon  
  58  6:39  Observer  
  59  6:47  Stalker  
  61  7:06  Stalker x2  
  62  7:16  Probe  
  62  7:19  Assimilator x2  
  63  7:25  Fleet Beacon  
  63  7:28  Probe  
  64  7:35  Zealot  
  64  7:36  Zealot x2  
  70  7:42  Nexus  
  70  7:43  Pylon  
  70  7:44  Pylon  
  70  7:46  Pylon  
  70  7:49  Assimilator  
  70  7:53  Assimilator  
  70  8:01  Probe  
  71  8:16  Observer  
  71  8:18  Zealot x2  
  71  8:19  Zealot  
  77  8:22  Zealot x2  
  77  8:25  Observer  
  61  9:06  Zealot x3  
  61  9:07  Zealot x2  
  49  9:27  Probe (Chrono Boost)  
  50  9:36  Stalker x5  
  50  9:37  Probe (Chrono Boost)  
  61  9:40  Blink  
  61  9:42  Probe (Chrono Boost)  
  61  9:45  Stargate  
  62  9:47  Carrier  
  68  9:53  Probe  
  68  9:59  Zealot x2  
  73  10:00  Zealot x3  
  73  10:05  Probe  
  67  10:20  Zealot  
  67  10:21  Zealot x4  
  67  10:54  Zealot x2  
  67  10:55  Zealot x3  
  77  11:01  Carrier (Chrono Boost)  
  83  11:04  Carrier (Chrono Boost)  
  89  11:19  Robotics Bay  
  89  11:28  Probe  
  89  11:29  Probe  
  89  11:31  Zealot x2  
  89  11:32  Zealot x2  
  99  11:35  Probe  
  100  11:40  Probe, Stalker  
  100  11:41  Probe  
  104  11:48  Probe  
  105  12:00  Probe  
  106  12:04  Disruptor (Chrono Boost), Pylon  
  106  12:05  Pylon  
  109  12:11  Pylon  
  109  12:22  Carrier  
  115  12:34  Forge  
  115  12:35  Observer, Shield Battery  
  115  12:40  Gravitic Boosters (Chrono Boost)  
  116  12:52  Observer  
  117  13:03  Stalker x2  
  117  13:04  Stalker  
  123  13:05  Zealot x2  
  123  13:08  Carrier  
  123  13:09  Protoss Shields Level 1  
  133  13:23  Protoss Air Weapons Level 1 (Chrono Boost)  
  133  13:32  Pylon x2  
  133  13:44  Pylon  
  133  13:45  Pylon  
  133  13:46  Disruptor (Chrono Boost)  
  136  13:58  Zealot  
  136  13:59  Zealot x3  
  144  14:15  Disruptor  
  139  14:32  Carrier x2  
  139  14:34  Zealot  
  139  14:35  Zealot x3  
  139  14:36  Zealot  
  159  15:43  Stalker  
  159  15:44  Stalker x2  
  121  16:31  Stalker x3  
  121  16:32  Stalker x2  
Show
View Real Time Build Order
Export as new Build Order

Massa Terran 

Build Orders:  

Get SALT Encoding   

  12  0:00  SCV  
  13  0:12  SCV  
  14  0:17  Supply Depot  
  14  0:24  SCV  
  15  0:39  SCV  
  15  0:41  Barracks  
  16  0:45  Refinery  
  16  0:51  SCV  
  17  1:03  SCV  
  18  1:15  SCV  
  19  1:45  SCV, Supply Depot  
  20  1:55  Engineering Bay  
  20  2:02  Barracks Reactor  
  20  2:09  Orbital Command  
  20  2:12  Factory  
  20  2:29  Command Center  
  20  2:35  SCV  
  21  2:38  Marine x2  
  23  2:50  SCV  
  24  2:54  Supply Depot  
  24  2:56  Marine x2  
  24  2:57  Hellion  
  28  3:08  Starport  
  28  3:14  Marine x2  
  28  3:18  SCV, Hellion  
  33  3:40  Barracks Tech Lab  
  33  3:53  Hellion x2  
  37  4:09  Barracks Tech Lab, Supply Depot  
  35  4:22  SCV  
  36  4:24  Orbital Command  
  32  4:34  SCV  
  32  4:38  Engineering Bay  
  28  4:44  Banshee  
  27  4:46  SCV  
  27  4:52  SCV  
  27  4:59  SCV  
  21  5:16  Marine x2  
  18  5:21  Missile Turret  
  18  5:24  SCV x2  
  18  5:26  Banshee  
  18  5:27  Missile Turret  
  23  5:34  Marine x2  
  25  5:36  SCV x2  
  25  5:37  Refinery  
  25  5:41  Barracks  
  27  5:46  Cyclone  
  27  5:48  SCV x2  
  32  5:52  Marine x2  
  34  6:00  SCV  
  34  6:01  SCV  
  36  6:09  Marine  
  37  6:13  SCV x2  
  36  6:20  Siege Tank  
  36  6:24  Marine  
  36  6:25  SCV x2  
  42  6:26  Refinery  
  42  6:27  Marine  
  42  6:29  Barracks Tech Lab, Barracks  
  43  6:35  Barracks  
  43  6:37  SCV  
  44  6:42  Marine  
  44  6:45  Marine  
  44  6:46  SCV, Supply Depot  
  47  6:49  SCV  
  48  6:58  SCV  
  47  7:05  Stimpack  
  47  7:09  Cloaking Field  
  47  7:19  Orbital Command  
  47  7:31  Marine  
  47  7:32  Marauder, Marine  
  47  7:34  Barracks Tech Lab  
  51  7:42  Factory Tech Lab  
  51  7:45  SCV x2  
  51  7:49  Marine x2  
  52  7:54  Marauder  
  52  7:57  SCV x2  
  56  8:01  Widow Mine  
  56  8:04  Combat Shield  
  58  8:06  Terran Infantry Weapons Level 1  
  58  8:15  Marauder  
  60  8:29  Marauder x2, Marine x2  
  66  8:36  Marine  
  66  8:37  SCV x2  
  69  8:47  Marine x2  
  69  8:49  SCV  
  69  8:54  SCV  
  69  8:56  Marauder  
  69  8:57  Marauder  
  69  9:01  SCV  
  65  9:11  Marauder, Marine x2  
  65  9:18  Marauder  
  65  9:19  Marauder  
  61  9:25  Medivac  
  61  9:27  SCV x2  
  61  9:29  Marine x2  
  67  9:33  Marauder  
  67  9:35  Command Center  
  69  9:39  SCV  
  69  9:44  Supply Depot x3  
  70  10:05  SCV, Marine, Medivac  
  70  10:06  Marauder x3  
  68  10:20  Marine  
  63  10:23  Marine  
  63  10:26  Terran Infantry Armor Level 1, Marine  
  63  10:27  SCV x2, Marauder x2  
  65  10:38  Marine  
  65  10:39  SCV x2  
  65  10:41  Marine  
  68  10:46  Medivac  
  70  10:51  Marine  
  70  10:52  Marauder, Marine  
  70  10:56  Marine  
  75  10:58  Marine  
  75  11:03  SCV x2  
  78  11:10  Marauder  
  80  11:11  Missile Turret  
  80  11:15  SCV x2  
  80  11:18  Planetary Fortress  
  74  11:21  Cyclone  
  74  11:22  Marine  
  74  11:23  Marine x3  
  79  11:25  Concussive Shells  
  79  11:31  Raven, Marine  
  82  11:40  Marine  
  82  11:41  Marine x3  
  82  11:45  SCV x2  
  82  11:47  Refinery  
  88  11:48  Marine  
  89  11:56  SCV, Missile Turret  
  89  11:57  SCV x2  
  89  11:58  Marine  
  93  12:09  SCV x3  
  93  12:10  Sensor Tower  
  93  12:14  Missile Turret  
  96  12:15  Sensor Tower  
  96  12:21  SCV x3  
  99  12:25  Siege Tank  
  99  12:27  Marine x3  
  99  12:28  Marine x2  
  107  12:33  SCV, Supply Depot  
  108  12:38  Supply Depot  
  108  12:41  Supply Depot  
  108  12:45  Marine  
  108  12:48  Starport  
  109  12:54  Refinery  
  109  12:55  SCV x2, Raven, Marine x2  
  109  12:57  Refinery  
  115  13:04  Corvid Reactor  
  115  13:09  SCV x3  
  118  13:21  SCV x3  
  121  13:32  Starport Reactor  
  121  13:33  SCV  
  122  13:37  Raven, Siege Tank  
  127  13:49  Sensor Tower  
  127  13:55  Supply Depot  
  127  13:57  Supply Depot  
  127  13:58  Supply Depot  
  127  13:59  Barracks  
  127  14:00  Barracks  
  127  14:02  Armory  
  127  14:05  Engineering Bay  
  124  14:20  Raven, Supply Depot  
  126  14:29  Viking x2  
  130  14:45  Starport  
  130  14:52  Thor  
  136  14:57  Barracks Reactor, Barracks Tech Lab  
  136  14:59  Marine x2, Viking x2  
  141  15:00  Marine x3  
  141  15:03  Raven  
  147  15:17  Marine x3  
  147  15:18  Marine x2  
  152  15:23  Command Center  
  152  15:33  SCV x2, Command Center  
  152  15:34  SCV  
  152  15:35  Marine x3  
  158  15:44  Starport Reactor  
  158  15:45  SCV x2, Viking  
  158  15:46  Viking  
  164  15:56  Supply Depot  
  164  15:57  Supply Depot  
  164  15:58  Supply Depot  
  164  16:00  Viking, Supply Depot x2  
  114  16:23  Marine x8  
Tags
 
Composition
Carriers
Matchup
PvT
Replay Pack
Multiplayer
Spawn Locations
Cross Positions
Add a new tag
Caveats
  • Supply blocks, unpowered buildings, or Contaminate may cause inaccurate times.
  • Supply counts are checked every 10 seconds.